 Dungeon Crawl Stone Soup version 0.31-a0-256-g80acddb972 (webtiles) character file.

Game seed: 1828273695569914886

7993 GordonOverkill the Thaumaturge (level 11, -19/79 HPs)
             Began as a Mummy Ice Elementalist on July 13, 2023.
             Was a High Priest of Cheibriados.
             Demolished by a lorocyproca (22 damage)
             ... on level 1 of the Abyss.
             The game lasted 00:34:13 (12907 turns).

GordonOverkill the Thaumaturge (MuIE)              Turns: 12907, Time: 00:34:14

Health: -19/79     AC: 20    Str: 24    XL:     11   Next: 4%
Magic:  1/34       EV: 13    Int: 31    God:    Cheibriados [*****.]
Gold:   512        SH:  5    Dex: 27    Spells: 12/30 levels left

rFire   . . .        I - staff of cold
rCold   + + +        (no shield)
rNeg    + + +        D - +0 robe of the Nightingale {rPois rF+ rC+ MP+9}
rPois   ∞            z - +1 helmet
rElec   .            o - +0 cloak
rCorr   .            (no gloves)
SInv    .            p - +2 pair of boots
Will    +....        f - amulet of reflection
Stlth   +++          (no ring)
HPRegen 0.33/turn    (no ring)
MPRegen 0.24/turn

%: reflection, faith
@: ice-armoured, freezing walls, very slow
A: cold resistance 1, negative energy resistance 3, torment resistance 2, heat
vulnerability 1, in touch with death 1, no potions, faith
a: Renounce Religion, Bend Time, Temporal Distortion, Slouch, Step From Time


You were on level 1 of the Abyss.
You worshipped Cheibriados.
Cheibriados was extremely pleased with you.
You visited 1 branch of the dungeon, and saw 8 of its levels.
You visited the Abyss 1 time.
You also visited: Ossuary.

You collected 512 gold pieces.

Inventory:

Hand Weapons
 d - a +0 sling
 y - a +4 dagger
 E - a +0 orcbow
Missiles
 l - 2 throwing nets
 A - a curare-tipped dart
Armour
 k - +0 steam dragon scales
 o - a +0 cloak (worn)
 p - a +2 pair of boots (worn)
 z - a +1 helmet (worn)
 D - the +0 robe of the Nightingale (worn) {rPois rF+ rC+ MP+9}
   (You found it on level 7 of the Dungeon)

   rF:        It protects you from fire.
   rC:        It protects you from cold.
   rPois:     It protects you from poison.
   MP:        It affects your magic capacity (+9).
Magical Staves
 e - a staff of conjuration
 I - a staff of cold (weapon)
Jewellery
 f - an amulet of reflection (around neck)
 u - a +4 ring of protection
 w - a ring of protection from fire
 C - a ring of fire
 F - a ring of protection from cold
Wands
 a - a wand of flame (44)
 t - a wand of polymorph (11)
 v - a wand of roots (9)
 G - a wand of mindburst (17)
Scrolls
 b - 4 scrolls of revelation
 c - a scroll of enchant armour
 h - 3 scrolls of immolation
 i - a scroll of blinking
 j - a scroll of poison
 m - 2 scrolls of summoning
 n - a scroll of vulnerability
 q - 2 scrolls of brand weapon
 r - 4 scrolls of teleportation
 s - 2 scrolls of enchant weapon
 x - a scroll of silence
 B - a scroll of amnesia {unknown}


   Skills:
 - Level 5.0 Fighting
 - Level 3.0 Armour
 - Level 1.5 Dodging
 - Level 1.5 Stealth
 + Level 10.4 Spellcasting
 + Level 3.8 Necromancy
 + Level 9.3 Ice Magic
 - Level 6.0 Invocations
 - Level 3.0 Evocations


You had 12 spell levels left.
You knew the following spells:

 Your Spells              Type           Power      Damage    Failure   Level
a - Freeze                Ice            100%       1d10      1%          1
b - Frozen Ramparts       Ice            100%       1d16      1%          3
c - Ozocubu's Armour      Ice            84%        N/A       1%          3
d - Hailstorm             Conj/Ice       61%        3d13      1%          3
e - Summon Ice Beast      Ice/Summ       61%        N/A       4%          4
f - Dispel Undead         Necr           56%        3d20      6%          4

Your spell library contained the following spells:

 Spells                   Type           Power      Damage    Failure   Level
 Cigotuvi's Dreadful Rot  Necr/Pois/Air  72%        N/A       2%          2
 Summon Small Mammal      Summ           64%        N/A       3%          1
 Call Canine Familiar     Summ           16%        N/A       10%         3
 Summon Guardian Golem    Hex/Summ       16%        N/A       10%         3
 Vhi's Electric Charge    Tloc/Air       32%        N/A       10%         3
 Simulacrum               Ice/Necr       45%        N/A       32%         6
 Arcjolt                  Conj/Air       8%         1d18      65%         5
 Death Channel            Necr           28%        N/A       69%         6
 Plasma Beam              Fire/Air       8%         2x1d18    99%         6


Dungeon Overview and Level Annotations

Branches:
Dungeon (8/15)             Temple (0/1) D:4         Ossuary (visited)
   Lair: D:8-11

Altars:
Ashenzari
Cheibriados
Dithmenos
Fedhas
Gozag
Trog
Xom
Yredelemnul

Shops:
D:2 !

Annotations:
D:5 2 transporters
D:6 1 runed translucent door, confidenceinterval's ghost, novice TeHs
D:8 Psyche


Innate Abilities, Weirdness & Mutations

You are immune to poison.
Your flesh is cold resistant. (rC+)
You are immune to negative energy. (rN+++)
You are immune to unholy pain and torment.
You are vulnerable to heat. (rF-)
You are in touch with the powers of death.
You do not drink.
You have a special connection with the divine. (Faith)


Message History

Confirm with . or Enter, or press ? or * to list all spells.
Aiming: Freeze (safe; 1% risk of failure)
Press: ? - help, Shift-Dir - straight line You feel a surge of power!
You freeze something.
The wall freezes something but does no damage.
You block something's attack.
Unknown command.
Unknown command.
Casting: Freeze (safe; 1% risk of failure)
Confirm with . or Enter, or press ? or * to list all spells.
Okay, then.
Unknown command.
Casting: Freeze (safe; 1% risk of failure)
Confirm with . or Enter, or press ? or * to list all spells.
Aiming: Freeze (safe; 1% risk of failure)
Press: ? - help, Shift-Dir - straight line You feel a surge of power!
You freeze something.
The wall freezes something.
Something hits you!!
* * * LOW HITPOINT WARNING * * *
You feel your power leaking away.
You can't drink.
Unknown command.
Unknown command.
Aiming: Fastroot
Press: ? - help, Shift-Dir - straight line The roots erupt in riotous growth!
Roots grab something.
The grasping roots constrict something.
You hear a chilling moan.
The wall freezes something.
Something hits you but does no damage.
Aiming: Throw Flame
Press: ? - help, Shift-Dir - straight line The puff of flame hits something.
The grasping roots constrict something.
The wall freezes something.
Something hits you!!
* * * LOW HITPOINT WARNING * * *
Aiming: Throw Flame
Press: ? - help, Shift-Dir - straight line The puff of flame hits something.
The grasping roots constrict something!
The wall freezes something.
Something hits you!!
You die...

#...... .. .
.##.#. ###. .~
#.#....... ##
#### ..
..#..#..##. . ##
###.#..........
#
#..##.#.##.....
... 3....... ...
... .....
#..##{#.###.#...
.. #.....@.#
#.#..... .
#....###### #+#
..... #.# ##....
..


There were no monsters in sight!

Vanquished Creatures
  Gastronok (D:8)
  A sixfirhy (Abyss:1)
  A cyclops (D:7)
  Maggie (D:8)
  An unseen horror (D:7)
  2 hornets (D:7)
  A blink frog (Abyss:1)
  A wyvern (D:7)
  A shadow (D:8)
  A large abomination (Abyss:1)
  Eustachio (D:6)
  Duvessa (D:6)
  3 hell hounds (Abyss:1)
  2 orc warriors
  4 ice beasts
  A black bear (D:7)
  3 ogres
  A centaur (D:6)
  2 phantoms
  4 kobold brigands
  4 bullfrogs
  11 scorpions
  3 wights (D:7)
  Dowan (D:6)
  4 killer bees (D:7)
  A quasit (Abyss:1)
  A centaur zombie (Ossuary)
  2 gnoll boudas
  8 hounds
  A jelly (D:5)
  4 orc priests
  7 iguanas
  4 orc wizards
  A sleepcap (D:4)
  3 mummies (Ossuary)
  10 gnolls
  13 adders
  5 shadow imps
  3 white imps
  An ufetubus (D:7)
  2 worms (D:2)
  2 dart slugs
  14 orcs
  15 ball pythons
  4 endoplasms
  5 giant cockroaches
  10 goblins
  3 hobgoblins
  5 jackals
  3 quokkas
  4 bats
  8 frilled lizards
  2 goblin zombies (Ossuary)
  2 hobgoblin zombies (Ossuary)
  22 kobolds
  A kobold zombie (Ossuary)
  2 orc zombies (Ossuary)
  10 rats
234 creatures vanquished.

Notes
Turn   | Place    | Note
-------+----------+-------------------------------------------
     0 | D:1      | GordonOverkill the Mummy Ice Elementalist began the quest
                  | for the Orb.
     0 | D:1      | Reached XP level 1. HP: 13/13 MP: 4/4
    78 | D:1      | Reached skill level 3 in Spellcasting
   128 | D:1      | Reached XP level 2. HP: 19/19 MP: 3/6
   733 | D:2      | Gained mutation: You are in touch with the powers of death.
                  | [Mummy growth]
   733 | D:2      | Reached XP level 3. HP: 24/24 MP: 5/8
   771 | D:2      | Found Beromuyc's Distillery.
   969 | D:2      | Reached skill level 4 in Spellcasting
  1213 | D:2      | Reached XP level 4. HP: 30/30 MP: 7/10
  1217 | D:2      | Learned a level 3 spell: Frozen Ramparts
  1278 | D:2      | Learned a level 3 spell: Ozocubu's Armour
  1637 | D:2      | Found a bloodstained altar of Trog.
  2307 | D:3      | Reached XP level 5. HP: 23/35 MP: 2/12
  2703 | D:3      | Reached skill level 1 in Armour
  2703 | D:3      | Reached skill level 5 in Spellcasting
  3078 | D:3      | Found a snail-covered altar of Cheibriados.
  3498 | D:3      | Became a worshipper of Cheibriados the Contemplative
  3526 | D:4      | Reached skill level 1 in Evocations
  3834 | D:4      | Found a staircase to the Ecumenical Temple.
  4515 | D:4      | Reached XP level 6. HP: 41/41 MP: 13/13
  4554 | D:4      | Reached * piety under Cheibriados
  4644 | D:4      | Reached skill level 1 in Invocations
  5007 | D:4      | Found a blossoming altar of Fedhas.
  5527 | D:5      | Entered Level 5 of the Dungeon
  5604 | D:5      | Found a transporter.
  5633 | D:5      | Found a sand-covered staircase.
  5638 | Ossuary  | Entered an ossuary
  6120 | Ossuary  | Reached XP level 7. HP: 46/46 MP: 14/14
  6242 | D:5      | Reached skill level 5 in Ice Magic
  6681 | D:5      | Found a transporter.
  7142 | D:5      | Found a bloodstained altar of Trog.
  7666 | D:5      | Reached ** piety under Cheibriados
  7780 | D:5      | Found a shimmering altar of Xom.
  8088 | D:6      | Reached skill level 1 in Fighting
  8101 | D:6      | Reached XP level 8. HP: 54/54 MP: 5/16
  8473 | D:6      | Reached skill level 6 in Spellcasting
  8580 | D:6      | Found a broken altar of Ashenzari.
  8744 | D:6      | Noticed Eustachio
  8887 | D:6      | Killed Eustachio
  8888 | D:6      | Reached skill level 7 in Spellcasting
  9097 | D:6      | Noticed Duvessa
  9097 | D:6      | Noticed Dowan
  9110 | D:6      | Killed Dowan
  9110 | D:6      | Reached *** piety under Cheibriados
  9113 | D:6      | Killed Duvessa
  9235 | D:6      | Found a shadowy altar of Dithmenos.
  9235 | D:6      | Found an opulent altar of Gozag.
  9263 | D:6      | Reached XP level 9. HP: 63/63 MP: 17/20
  9445 | D:6      | Found a runed translucent door.
  9449 | D:6      | Noticed confidenceinterval's ghost (novice TeHs)
  9497 | D:6      | Reached skill level 8 in Spellcasting
  9759 | D:7      | Found a basalt altar of Yredelemnul.
 10050 | D:7      | Reached **** piety under Cheibriados
 10152 | D:7      | Identified the +0 robe of the Nightingale {rPois rF+ rC+
                  | MP+9}
 10896 | D:7      | Reached XP level 10. HP: 67/73 MP: 10/22
 10959 | D:7      | Noticed a cyclops
 10968 | D:7      | Reached skill level 9 in Spellcasting
 10969 | D:7      | Killed a cyclops
 11121 | D:7      | Identified a scroll of acquirement
 11122 | D:7      | Acquired a book of the Tundra
 11128 | D:7      | Learned a level 3 spell: Hailstorm
 11205 | D:7      | Reached ***** piety under Cheibriados
 11221 | D:7      | Reached skill level 5 in Fighting
 11221 | D:7      | Reached skill level 1 in Necromancy
 11926 | D:8      | Noticed Maggie
 11931 | D:8      | Killed Maggie
 11932 | D:8      | Reached skill level 5 in Invocations
 12106 | D:8      | Noticed Gastronok
 12122 | D:8      | Killed Gastronok
 12123 | D:8      | Reached skill level 10 in Spellcasting
 12350 | D:8      | Noticed Psyche
 12353 | Abyss:1  | Cast into level 1 of the Abyss (Psyche)
 12407 | Abyss:1  | Noticed a spatial maelstrom
 12418 | Abyss:1  | Noticed a starcursed mass
 12659 | Abyss:1  | Noticed a mana viper
 12699 | Abyss:1  | Noticed a thrashing horror
 12718 | Abyss:1  | Noticed a worldbinder
 12752 | Abyss:1  | Noticed a wretched star
 12773 | Abyss:1  | Found a corrupted altar of Lugonu.
 12821 | Abyss:1  | Learned a level 4 spell: Summon Ice Beast
 12826 | Abyss:1  | Learned a level 4 spell: Dispel Undead
 12835 | Abyss:1  | Noticed a hell hog
 12894 | Abyss:1  | Noticed a sixfirhy
 12900 | Abyss:1  | Killed a sixfirhy
 12901 | Abyss:1  | Reached XP level 11. HP: 61/79 MP: 25/25
 12906 | Abyss:1  | HP: 3/79 [something (23)]
 12907 | Abyss:1  | Demolished by a lorocyproca

Illustrated notes

Levels and vault maps discovered:
D:1:      dpeg_arrival_arbitrary_c, layout_rooms
D:2:      wad_river_or_something, layout_loops_corners, basic_altar,
          serial_shops, shop
D:3:      layout_basic, mainiacjoe_overflow_surrounded_room
D:4:      layout_layer_cave, kennysheep_mini_moat,
          minmay_temple_entry_metal_lava, nicolae_underground_beach
D:5:      gammafunk_wand_slinger, layout_layer_cave, tgw_xom,
          trog_three_pillars_becter, enter_ossuary_5, minmay_statues_item
D:6:      layout_gridville, mainiacjoe_overflow_alcove_4,
          gammafunk_temple_overflow_wave, gammafunk_ghost_grave, uniq_eustachio,
          uniq_duvessa
D:7:      kennysheep_windowed_halls, layout_loops_ring,
          overflow_temple_1_default
D:8:      layout_loops_ring, uniq_maggie, uniq_gastronok, uniq_joseph,
          uniq_psyche
Abyss:1:  base: D:2, guppyfry_abyss_exit_glass_guarded,
          bh_abyss_xom_lugonu_altar

Skill      XL: |  1  2  3  4  5  6  7  8  9 10 |
---------------+-------------------------------+-----
Spellcasting   | 3 4 5 7 8 10 | 10.4
Ice Magic      | 4 5 6 8 9 |  9.3
Armour         | 1 2 3 |  3.0
Evocations     | 1 2 3 |  3.0
Invocations    | 1 3 4 6 |  6.0
Fighting       | 1 3 4 5 |  5.0
Necromancy     | 3 |  3.8
Dodging        | |  1.5
Stealth        | |  1.5

Action                     |  1- 3 |  4- 6 |  7- 9 | 10-12 || total
---------------------------+-------+-------+-------+-------++-------
  Melee: Unarmed           |     8 |       |       |       ||     8
         Staff             |       |    59 |   154 |    24 ||   237
         Punch             |       |     2 |     3 |       ||     5
         Dagger            |       |       |    19 |       ||    19
   Fire: Sling             |    72 |   133 |    58 |       ||   263
         Orcbow            |       |       |    52 |     1 ||    53
   Cast: Freeze            |    55 |    65 |   119 |    52 ||   291
         Frozen Ramparts   |       |     7 |    21 |    13 ||    41
         Ozocubu's Armour  |       |     3 |    12 |     8 ||    23
         Hailstorm         |       |       |       |    18 ||    18
  Evoke: Wand              |       |     6 |    14 |     3 ||    23
    Use: Scroll            |       |    13 |     2 |     7 ||    22
   Stab: Sleeping          |       |     1 |       |       ||     1
 Armour: Robe              |     8 |       |       |    30 ||    38
         Leather armour    |       |    59 |   142 |    12 ||   213
  Dodge: Dodged            |    31 |    64 |   146 |    31 ||   272
  Block: Other             |     8 |    19 |    64 |    20 ||   111
         Reflection        |       |     1 |     3 |       ||     4

Table legend: (Time is in decaauts)
 A = Elapsed time spent in this place.
 B = Non-inter-level travel time spent in this place.
 C = Inter-level travel time spent in this place.
 D = Time resting spent in this place.
 E = Time spent auto-exploring this place.
 F = Levels seen in this place.
 G = Mean time per level.
                   A        B        C        D        E       F      G
               +--------+--------+--------+--------+--------+-----+--------+
         Total |  15664 |  15155 |    509 |   4098 |   7553 |  10 | 1566.4 |
       Dungeon |  14182 |  13673 |    509 |   3664 |   7553 |   8 | 1772.8 |
         Abyss |    858 |    858 |      0 |    167 |      0 |   1 |  858.0 |
       Ossuary |    623 |    623 |      0 |    267 |      0 |   1 |  623.0 |
               +--------+--------+--------+--------+--------+-----+--------+

Top non-repeatable levels by time:
     D:5: 2510 daAuts
     D:4: 2496 daAuts
     D:7: 2452 daAuts
     D:6: 2192 daAuts
     D:2: 1463 daAuts
     D:3: 1365 daAuts
     D:8: 938 daAuts
 Abyss:1: 858 daAuts
     D:1: 764 daAuts
 Ossuary: 623 daAuts
